 Dungeon Crawl Stone Soup version 0.30-a0-718-geaa24f58ff (webtiles) character file.

Game seed: 7393016281635734896

20 freelancePsychic the Gusty (level 2, -1/24 HPs)
             Began as a Ghoul Wanderer on Jan 25, 2023.
             Slain by a giant cockroach (2 damage)
             ... on level 1 of the Dungeon.
             The game lasted 00:01:44 (1257 turns).

freelancePsychic the Gusty (Ghoul Wanderer)         Turns: 1257, Time: 00:01:44

Health: -1/24      AC:  5    Str: 15    XL:     2   Next: 79%
Magic:  3/3        EV: 10    Int: 11    God:
Gold:   122        SH:  0    Dex:  4    Spells: 4/4 levels left

rFire   . . .      SeeInvis +    a - +0 whip
rCold   + . .      Faith    .    (no shield)
rNeg    + + +      Spirit   .    c - +0 ring mail
rPois   ∞          Reflect  .    (no helmet)
rElec   .          Harm     .    (no cloak)
rCorr   .          Rampage  .    (no gloves)
Will    .....                    (no boots)
Stlth   +                        (no amulet)
HPRegen 0.00/turn                e - ring of see invisible
MPRegen 0.08/turn                (no ring)

@: inhibited regen
A: claws 1, cold resistance 1, negative energy resistance 3, inhibited
regeneration, torment resistance 2, devour on kill
a: no special abilities


You were on level 1 of the Dungeon.
You visited 1 branch of the dungeon, and saw 2 of its levels.

You collected 122 gold pieces.

Inventory:

Hand Weapons
 a - a +0 whip (weapon)
Armour
 c - a +0 ring mail (worn)
Jewellery
 e - a ring of see invisible (left claw)
 g - a ring of ice
Scrolls
 b - a scroll of silence
Potions
 d - 2 potions of might {unknown}
 f - 2 potions of invisibility {unknown}
 h - a potion of curing {unknown}
 i - a potion of heal wounds {unknown}


   Skills:
 + Level 2.2 Fighting
 - Level 1.7 Armour
 + Level 1.9 Stealth
 - Level 1.7 Spellcasting
 - Level 2.0 Necromancy
 - Level 2.4 Air Magic


You had 4 spell levels left.
You didn't know any spells.
Your spell library contained the following spells:

 Spells                   Type           Power      Damage    Failure   Level
 Shock                    Conj/Air       12%        1d3       34%         1
 Kiss of Death            Conj/Necr      12%        2d6       36%         1
 Poisonous Vapours        Pois/Air       6%         N/A       47%         2
 Vampiric Draining        Necr           5%         2d6       58%         3
 Stone Arrow              Conj/Erth      0%         3d7       86%         3
 Airstrike                Air            3%         2d(1-17)  91%         4
 Animate Armour           Summ/Erth      0%         N/A       99%         4
 Lehudib's Crystal Spear  Conj/Erth      0%         10d2      100%        8


Dungeon Overview and Level Annotations

Branches:
Dungeon (2/15)

Altars:
Wu Jian


Innate Abilities, Weirdness & Mutations

You are immune to poison.
You have sharp fingernails.
Your flesh is cold resistant. (rC+)
You are immune to negative energy. (rN+++)
You do not regenerate when monsters are visible.
You are immune to unholy pain and torment.
You thrive by killing the living.


Message History

* * * LOW HITPOINT WARNING * * *
The giant cockroach attacks as you move away!
The giant cockroach bites you.
* * * LOW HITPOINT WARNING * * *
There is a stone staircase leading up here.
The giant cockroach bites you but does no damage.
The giant cockroach closely misses you.
You climb upwards.
There is a stone staircase leading down here.
You closely miss the giant cockroach.
The giant cockroach bites you but does no damage.
You barely miss the giant cockroach.
The giant cockroach bites you but does no damage.
You hit the giant cockroach.
The giant cockroach is severely wounded.
The giant cockroach barely misses you.
The giant cockroach bites you but does no damage.
You hit the giant cockroach.
The giant cockroach is almost dead.
The giant cockroach bites you but does no damage.
You closely miss the giant cockroach.
The giant cockroach is almost dead.
The giant cockroach waves its antennae.
The giant cockroach bites you.
* * * LOW HITPOINT WARNING * * *
You hit the giant cockroach but do no damage.
The giant cockroach is almost dead.
The giant cockroach bites you.
* * * LOW HITPOINT WARNING * * *
The giant cockroach misses you.
You barely miss the giant cockroach.
The giant cockroach is severely wounded.
The giant cockroach barely misses you.
You closely miss the giant cockroach.
The giant cockroach is severely wounded.
The giant cockroach closely misses you.
You barely miss the giant cockroach.
The giant cockroach is severely wounded.
The giant cockroach barely misses you. The giant cockroach bites you.
You die...

######## #......# #......# ###
#######......################.#
.......................#......#
................@#####.#.####.#
#######......###B#...#.#....#.#
# #......# #.#...#.####.#.### #
#......# #.#...#........... #
######## #.....############ #
#.#.#............. #
#.#.#.############ ### #.#.#.#
..## #.#.#.############


You could see a giant cockroach.

Vanquished Creatures
  2 endoplasms
  2 giant cockroaches (D:1)
  4 jackals (D:1)
  3 kobolds
  A quokka (D:1)
  A ball python (D:2)
  2 goblins (D:1)
  2 rats (D:1)
17 creatures vanquished.

Notes
Turn   | Place    | Note
-------+----------+-------------------------------------------
     0 | D:1      | freelancePsychic the Ghoul Wanderer began the quest for the
                  | Orb.
     0 | D:1      | freelancePsychic set off with the following items: a +0
                  | club, a scroll of silence, a +0 ring mail; and the
                  | following spells available to memorise: Shock, Kiss of
                  | Death, Poisonous Vapours, Vampiric Draining, Airstrike.
     0 | D:1      | Reached XP level 1. HP: 16/16 MP: 2/2
   258 | D:1      | Reached skill level 1 in Stealth
   333 | D:1      | Reached XP level 2. HP: 24/24 MP: 3/3
   563 | D:1      | Found a faded altar of an unknown god.
  1226 | D:2      | Found an ornate altar of the Wu Jian Council.
  1254 | D:1      | HP: 1/24 [giant cockroach (2)]
  1257 | D:1      | Slain by a giant cockroach

Illustrated notes

Levels and vault maps discovered:
D:1:      kilobyte_arrival_exit_the_forest, layout_basic,
          hellmonk_ecumenical_altar_dog_temple
D:2:      layout_loops_cross, basic_altar, minmay_tiny_reverse_x, uniq_jessica

Skill      XL: |  1  2 |
---------------+-------+-----
Stealth        | 1 |  1.9
Fighting       | 2 |  2.2
Armour         | |  1.7
Spellcasting   | |  1.7
Necromancy     | |  2.0
Air Magic      | |  2.4

Action                     || total
---------------------------++-------
  Melee: Club              ||    55
         Whip              ||    56
 Armour: Ring mail         ||    61
  Dodge: Dodged            ||    81

Table legend: (Time is in decaauts)
 A = Elapsed time spent in this place.
 B = Non-inter-level travel time spent in this place.
 C = Inter-level travel time spent in this place.
 D = Time resting spent in this place.
 E = Time spent auto-exploring this place.
 F = Levels seen in this place.
 G = Mean time per level.
                   A        B        C        D        E       F      G
               +--------+--------+--------+--------+--------+-----+--------+
         Total |   1289 |   1204 |     85 |      0 |    967 |   2 |  644.5 |
       Dungeon |   1289 |   1204 |     85 |      0 |    967 |   2 |  644.5 |
               +--------+--------+--------+--------+--------+-----+--------+

Top non-repeatable levels by time:
     D:1: 1251 daAuts
     D:2: 37 daAuts
